Workbook

Sheet Proposed Budget
A1: Table 5.6: Proposed Budget for New Program & Resource Template - Undergraduate
A2: Instructions: Inputs to be made in the blue highlighted cells
A4: Faculty:
A5: New Program Name :
A6: Tuition rate Domestic (per credit):
A7: Tuition rate International - year 1 (per credit):
A8: Tuition rate International - years 2-5 (per credit): | C8: =B7 -> 0 | D8: =C7 -> 0 | E8: =D7 -> 0 | F8: =E7 -> 0
A9: Co-op Program:
A10: Co-op, if yes % of students in program:
B11: Year 1 Forecast | C11: Year 2 Forecast | D11: Year 3 Forecast | E11: Year 4 Forecast | F11: Year 5 Forecast | G11: Comments (if needed)
A12: Insert Academic Year ==>
A13: ENROLLMENT Domestic (Headcount)
A14: Intake
A15: Returning Students Year 2
A16: Returning Students Year 3
A17: Returning Students Year 4
A18: Returning Students Year 5
A19: Total Enrollment | B19: =SUM(B14:B18) -> 0 | C19: =SUM(,C14:C18) -> 0 | D19: =SUM(,D14:D18) -> 0 | E19: =SUM(,E14:E18) -> 0 | F19: =SUM(,F14:F18) -> 0
A21: ENROLLMENT International (Headcount)
A22: Intake
A23: Returning Students Year 2
A24: Returning Students Year 3
A25: Returning Students Year 4
A26: Returning Students Year 5
A27: Total Enrollment | B27: =SUM(B22:B26) -> 0 | C27: =SUM(,C22:C26) -> 0 | D27: =SUM(,D22:D26) -> 0 | E27: =SUM(,E22:E26) -> 0 | F27: =SUM(,F22:F26) -> 0
A29: # Credits | B29: 5 | C29: 5 | D29: 5 | E29: 5 | F29: 5
A32: REVENUE
A33: Domestic
A34: Tuition | B34: =(B19*B6*B29) -> 0 | C34: =(C19*C6*C29) -> 0 | D34: =(D19*D6*D29) -> 0 | E34: =(E19*E6*E29) -> 0 | F34: =(F19*F6*F29) -> 0
A35: Ancillary Fees | B35: =B19*'Cost Drivers'!$B$4*B29 -> 0 | C35: =C19*'Cost Drivers'!$B$4*C29 -> 0 | D35: =D19*'Cost Drivers'!$B$4*D29 -> 0 | E35: =E19*'Cost Drivers'!$B$4*E29 -> 0 | F35: =F19*'Cost Drivers'!$B$4*F29 -> 0
A36: Total Domestic tuition | B36: =SUM(B34:B35) -> 0 | C36: =SUM(C34:C35) -> 0 | D36: =SUM(D34:D35) -> 0 | E36: =SUM(E34:E35) -> 0 | F36: =SUM(F34:F35) -> 0
A38: International
A39: Tuition | B39: =(B7*B22*B29) -> 0 | C39: =((C7*C22*C29)+(B7*C23*C29)) -> 0 | D39: =((D7*D22*D29)+(D23*D29*C7)+(D24*D29*B7)) -> 0 | E39: =((E22*E7*E29)+(E23*E29*D7)+(E24*E29*C7)+(E25*E29*B7)) -> 0 | F39: =((F22*F29*F7)+(F23*F29*E7)+(F24*D7)+(F25*F29+C7)+(F26*F29*B7)) -> 0
A40: Ancillary Fees | B40: =B27*'Cost Drivers'!$B$5*B29 -> 0 | C40: =C27*'Cost Drivers'!$B$5*C29 -> 0 | D40: =D27*'Cost Drivers'!$B$5*D29 -> 0 | E40: =E27*'Cost Drivers'!$B$5*E29 -> 0 | F40: =F27*'Cost Drivers'!$B$5*F29 -> 0
A41: Total International tuition | B41: =SUM(B39:B40) -> 0 | C41: =SUM(C39:C40) -> 0 | D41: =SUM(D39:D40) -> 0 | E41: =SUM(E39:E40) -> 0 | F41: =SUM(F39:F40) -> 0
A43: Co-op Revenue | B43: =B19*$B$10*'Cost Drivers'!$B$11 -> 0 | C43: =C19*$B$10*'Cost Drivers'!$B$11 -> 0 | D43: =D19*$B$10*'Cost Drivers'!$B$11 -> 0 | E43: =E19*$B$10*'Cost Drivers'!$B$11 -> 0 | F43: =F19*$B$10*'Cost Drivers'!$B$11 -> 0
A45: Revenue
A46: Tuition Revenue | B46: =B34+B39 -> 0 | C46: =C34+C39 -> 0 | D46: =D34+D39 -> 0 | E46: =E34+E39 -> 0 | F46: =F34+F39 -> 0
A47: Ancillary Revenue | B47: =B35+B40 -> 0 | C47: =C35+C40 -> 0 | D47: =D35+D40 -> 0 | E47: =E35+E40 -> 0 | F47: =F35+F40 -> 0
A48: Co-op Revenue | B48: =B43 -> 0 | C48: =C43 -> 0 | D48: =D43 -> 0 | E48: =E43 -> 0 | F48: =F43 -> 0
A49: Special Purpose Funding (if applicable)
A50: TOTAL REVENUE | B50: =SUM(B46:B49) -> 0 | C50: =SUM(C46:C49) -> 0 | D50: =SUM(D46:D49) -> 0 | E50: =SUM(E46:E49) -> 0 | F50: =SUM(F46:F49) -> 0
A52: PERSONNEL
A53: New Faculty Positions
A54: New Faculty Positions (Number)
A55: Base Salary per Faculty
A56: Continuing Faculty (assumed 3.5% annual increase) | C56: =(B54*B55)*1.035 -> 0 | D56: =(C56+(C54*C55))*1.035 -> 0 | E56: =(D56+(D54*D55))*1.035 -> 0 | F56: =(E56+(E54*E55))*1.035 -> 0
A57: Total Salary | B57: =B54*B55 -> 0 | C57: =(C54*C55)+C56 -> 0 | D57: =(D54*D55)+D56 -> 0 | E57: =(E54*E55)+E56 -> 0 | F57: =(F54*F55)+F56 -> 0
A58: Benefits | B58: =B57*'Cost Drivers'!$B$14 -> 0 | C58: =C57*'Cost Drivers'!$B$14 -> 0 | D58: =D57*'Cost Drivers'!$B$14 -> 0 | E58: =E57*'Cost Drivers'!$B$14 -> 0 | F58: =F57*'Cost Drivers'!$B$14 -> 0
A59: Total New faculty cost | B59: =B57+B58 -> 0 | C59: =C57+C58 -> 0 | D59: =D57+D58 -> 0 | E59: =E57+E58 -> 0 | F59: =F57+F58 -> 0
A60: New Ongoing Staff positions
A61: New Ongoing OSSTF staff | B61: OSSTF | C61: OSSTF | D61: OSSTF | E61: OSSTF | F61: OSSTF
A62: New Staff Positions (Number)
A63: Salary of new staff position
A64: Continuing Staff (assumed 2.9% annual increase) | C64: =(B62*B63)*1.029 -> 0 | D64: =(C64+(C62*C63))*1.029 -> 0 | E64: =(D64+(D62*D63))*1.029 -> 0 | F64: =(E64+(E62*E63))*1.029 -> 0
A65: Total Salary | B65: =B62*B63 -> 0 | C65: =(C62*C63)+C64 -> 0 | D65: =(D62*D63)+D64 -> 0 | E65: =(E62*E63)+E64 -> 0 | F65: =(F62*F63)+F64 -> 0
A66: Benefits | B66: =IF(B$61="OSSTF",(B65*'Cost Drivers'!$B$16),(B65*'Cost Drivers'!$B$15)) -> 0 | C66: =IF(C$61="OSSTF",(C65*'Cost Drivers'!$B$16),(C65*'Cost Drivers'!$B$15)) -> 0 | D66: =IF(D$61="OSSTF",(D65*'Cost Drivers'!$B$16),(D65*'Cost Drivers'!$B$15)) -> 0 | E66: =IF(E$61="OSSTF",(E65*'Cost Drivers'!$B$16),(E65*'Cost Drivers'!$B$15)) -> 0 | F66: =IF(F$61="OSSTF",(F65*'Cost Drivers'!$B$16),(F65*'Cost Drivers'!$B$15)) -> 0
A67: Total New OSSTF Staff cost | B67: =B65+B66 -> 0 | C67: =C65+C66 -> 0 | D67: =D65+D66 -> 0 | E67: =E65+E66 -> 0 | F67: =F65+F66 -> 0
A68: New Ongoing Other staff
A69: New Staff Positions (Number)
A70: Salary of new staff position
A71: Continuing Staff (assumed 1.0% annual increase) | C71: =(B69*B70)*1.01 -> 0 | D71: =(C71+(C69*C70))*1.01 -> 0 | E71: =(D71+(D69*D70))*1.01 -> 0 | F71: =(E71+(E69*E70))*1.01 -> 0
A72: Total Salary | B72: =B69*B70 -> 0 | C72: =(C69*C70)+C71 -> 0 | D72: =(D69*D70)+D71 -> 0 | E72: =(E69*E70)+E71 -> 0 | F72: =(F69*F70)+F71 -> 0
A73: Benefits | B73: =B72*'Cost Drivers'!$B$15 -> 0 | C73: =C72*'Cost Drivers'!$B$15 -> 0 | D73: =D72*'Cost Drivers'!$B$15 -> 0 | E73: =E72*'Cost Drivers'!$B$15 -> 0 | F73: =F72*'Cost Drivers'!$B$15 -> 0
A74: Total New Other Staff cost | B74: =B72+B73 -> 0 | C74: =C72+C73 -> 0 | D74: =D72+D73 -> 0 | E74: =E72+E73 -> 0 | F74: =F72+F73 -> 0
A75: Part-time Teaching costs
A76: # BUFA overload contracts (per credit)
A77: BUFA Overlod salary | B77: =B76*'Cost Drivers'!B$22 -> 0 | C77: =C76*'Cost Drivers'!C$22 -> 0 | D77: =D76*'Cost Drivers'!D$22 -> 0 | E77: =E76*'Cost Drivers'!E$22 -> 0 | F77: =F76*'Cost Drivers'!F$22 -> 0
A78: # of Non-union instructors (per credit)
A79: Non-union Instructor salary | B79: =B78*'Cost Drivers'!B$23 -> 0 | C79: =C78*'Cost Drivers'!C$23 -> 0 | D79: =D78*'Cost Drivers'!D$23 -> 0 | E79: =E78*'Cost Drivers'!E$23 -> 0 | F79: =F78*'Cost Drivers'!F$23 -> 0
A80: # of CUPE 4207 Unit 1 Instructors (per credit)
A81: CUPE 4207 Unit 1 Instructor salary | B81: =B80*'Cost Drivers'!B$24 -> 0 | C81: =C80*'Cost Drivers'!C$24 -> 0 | D81: =D80*'Cost Drivers'!D$24 -> 0 | E81: =E80*'Cost Drivers'!E$24 -> 0 | F81: =F80*'Cost Drivers'!F$24 -> 0
A82: # of CUPE 4207 Unit 1 TAs (per credit)
A83: CUPE 4207 Unit 1 TAs salary | B83: =B82*'Cost Drivers'!B$25 -> 0 | C83: =C82*'Cost Drivers'!C$25 -> 0 | D83: =D82*'Cost Drivers'!D$25 -> 0 | E83: =E82*'Cost Drivers'!E$25 -> 0 | F83: =F82*'Cost Drivers'!F$25 -> 0
A84: # of CUPE 4207 Unit 1 M/Gs hours
A85: CUPE 4207 Unit 1 M/Gs salary | B85: =B84*'Cost Drivers'!B26 -> 0 | C85: =C84*'Cost Drivers'!C26 -> 0 | D85: =D84*'Cost Drivers'!D26 -> 0 | E85: =E84*'Cost Drivers'!E26 -> 0 | F85: =F84*'Cost Drivers'!F26 -> 0
A86: Total Part-time teaching salaries | B86: =B77+B79+B81+B83+B85 -> 0 | C86: =C77+C79+C81+C83+C85 -> 0 | D86: =D77+D79+D81+D83+D85 -> 0 | E86: =E77+E79+E81+E83+E85 -> 0 | F86: =F77+F79+F81+F83+F85 -> 0
A87: Benefits | B87: =(B79*'Cost Drivers'!$B$18)+(('Proposed Budget'!B81+'Proposed Budget'!B83+'Proposed Budget'!B85)*'Cost Drivers'!$B$17) -> 0 | C87: =(C79*'Cost Drivers'!$B$18)+(('Proposed Budget'!C81+'Proposed Budget'!C83+'Proposed Budget'!C85)*'Cost Drivers'!$B$17) -> 0 | D87: =(D79*'Cost Drivers'!$B$18)+(('Proposed Budget'!D81+'Proposed Budget'!D83+'Proposed Budget'!D85)*'Cost Drivers'!$B$17) -> 0 | E87: =(E79*'Cost Drivers'!$B$18)+(('Proposed Budget'!E81+'Proposed Budget'!E83+'Proposed Budget'!E85)*'Cost Drivers'!$B$17) -> 0 | F87: =(F79*'Cost Drivers'!$B$18)+(('Proposed Budget'!F81+'Proposed Budget'!F83+'Proposed Budget'!F85)*'Cost Drivers'!$B$17) -> 0
A88: Total Part-Time Teaching costs | B88: =B86+B87 -> 0 | C88: =C86+C87 -> 0 | D88: =D86+D87 -> 0 | E88: =E86+E87 -> 0 | F88: =F86+F87 -> 0
A90: TOTAL PERSONNEL COSTS | B90: =B59+B67+B74+B88 -> 0 | C90: =C59+C67+C74+C88 -> 0 | D90: =D59+D67+D74+D88 -> 0 | E90: =E59+E67+E74+E88 -> 0 | F90: =F59+F67+F74+F88 -> 0
A92: OPERATING COSTS
A93: Direct program costs
A94: Equipment (new and replacement)
A95: Marketing/Advertising
A96: Scholarships and Bursaries
A97: Materials & Supplies
A98: Other operating costs
A99: PER funding | B99: =IF(B54>0,B54*'Cost Drivers'!B32,0) -> 0 | C99: =IF((B54+C54)>0,(B54+C54)*'Cost Drivers'!C32,0) -> 0 | D99: =IF((B54+C54+D54)>0,(B54+C54+D54)*'Cost Drivers'!D32,0) -> 0 | E99: =IF((B54+C54+D54+E54)>0,(B54+C54+D54+E54)*'Cost Drivers'!E32,0) -> 0 | F99: =IF((B54+C54+D54+E54+F54)>0,(B54+C54+D54+E54+F54)*'Cost Drivers'!F32,0) -> 0
A100: Start-up Costs
A101: Other:
A102: Other:
A103: Total Direct program costs | B103: =SUM(B94:B100) -> 0 | C103: =SUM(C94:C100) -> 0 | D103: =SUM(D94:D100) -> 0 | E103: =SUM(E94:E100) -> 0 | F103: =SUM(F94:F100) -> 0
A104: Direct Incremental costs
A105: Incremental Co-op Costs | H105: Rationale needs to be provided here if amounts are input
A106: Incremental Library Costs | H106: Rationale needs to be provided here if amounts are input
A107: Incremental Scholarship costs | B107: =B19*'Cost Drivers'!B34 -> 0 | C107: =C19*'Cost Drivers'!C34 -> 0 | D107: =D19*'Cost Drivers'!D34 -> 0 | E107: =E19*'Cost Drivers'!E34 -> 0 | F107: =F19*'Cost Drivers'!F34 -> 0 | G107: Based on 2023-24 budget - average scholarship per student headcount
A109: University Overhead - student specific (10% of revenue) | B109: =B50*0.1 -> 0 | C109: =C50*0.1 -> 0 | D109: =D50*0.1 -> 0 | E109: =E50*0.1 -> 0 | F109: =F50*0.1 -> 0
A110: University Overhead - other (14% of revenue) | B110: =B50*0.14 -> 0 | C110: =C50*0.14 -> 0 | D110: =D50*0.14 -> 0 | E110: =E50*0.14 -> 0 | F110: =F50*0.14 -> 0
A111: TOTAL OPERATING COSTS | B111: =B103+B105+B106+B107+B108+B110+B109 -> 0 | C111: =C103+C105+C106+C107+C108+C110+C109 -> 0 | D111: =D103+D105+D106+D107+D108+D110+D109 -> 0 | E111: =E103+E105+E106+E107+E108+E110+E109 -> 0 | F111: =F103+F105+F106+F107+F108+F110+F109 -> 0
A113: NET SURPLUS/DEFICIT | B113: =B50-B90-B111 -> 0 | C113: =C50-C90-C111 -> 0 | D113: =D50-D90-D111 -> 0 | E113: =E50-E90-E111 -> 0 | F113: =F50-F90-F111 -> 0
...

Sheet Cost Drivers
A1: Base Year | B1: 2025-26
A3: Ancillary Fee (estimate)
A4: Domestic - Per credit fee | B4: 110
A5: International - Per credit fee | B5: =B4 -> 110
A7: Co-Op fees | B7: 2025-26
A8: Admin Fee | B8: 891.16
A9: Pre-Employment training (0N90) | B9: 863.31
A10: Job Search Fee | B10: 300
B11: =SUM(B8:B10) -> 2054.47
A13: Benefit rates - based on year | B13: 2025-26
A14: BUFA | B14: 0.209
A15: Admin/Professional | B15: 0.2697
A16: OSSTF | B16: 0.3134
A17: CUPE 4207 unit 1 | B17: 0.114015
A18: Non-Union Instructor | B18: 0.14
A19: BUFA Overload | B19: 0
A21: Part-Time Teaching rates (use graduate complete rates for budget) - base year 2025-26 | B21: Year 1 | C21: Year 2 | D21: Year 3 | E21: Year 4 | F21: Year 5
A22: BUFA overload | B22: 15762 | C22: 15762 | D22: 15762 | E22: 15762 | F22: 15762 | G22: per credit
A23: Non-Union Instructor | B23: 14186.24 | C23: 14186.24 | D23: 14186.24 | E23: 14186.24 | F23: 14186.24 | G23: per credit
A24: CUPE 4207 Unit 1 Instructor | B24: 15539.86 | C24: 15539.86 | D24: 15539.86 | E24: 15539.86 | F24: 15539.86 | G24: per credit
A25: CUPE 4207 Unit 1 TA | B25: 4600.79 | C25: 4600.79 | D25: 4600.79 | E25: 4600.79 | F25: 4600.79 | G25: per credit/120 hours
A26: CUPE 4207 Unit 1 Marker/Grader | B26: 37.68 | C26: 37.68 | D26: 37.68 | E26: 37.68 | F26: 37.68 | G26: per hour
A27: Stipend Transfer | B27: =B22 -> 15762 | C27: =C22 -> 15762 | D27: =D22 -> 15762 | E27: =E22 -> 15762 | F27: =F22 -> 15762 | G27: per credit
A29: Arts or Science
A30: Business or Computer Science
B31: Year 1 | C31: Year 2 | D31: Year 3 | E31: Year 4 | F31: Year 5
A32: PER amount | B32: 2500 | C32: 2500 | D32: 2500 | E32: 2500 | F32: 2500
A34: Scholarship (based on on 2025-26 Budget) | B34: =B38 -> 736.67241 | C34: =B34 -> 736.67241 | D34: =C34 -> 736.67241 | E34: =D34 -> 736.67241 | F34: =E34 -> 736.67241
A36: Total Scholarship budget (CC9000, 2024-25) | B36: =11861800-1476929 -> 10384871
A37: Estimated UG enrolment (BTE) | B37: 14097
A38: Average per student | B38: =B36/B37 -> 736.67241
A41: Yes
A42: No
